 Dungeon Crawl Stone Soup version 0.29.1-13-g9f3cf754e1 (webtiles) character file.

Game seed: 4509710167140789262

96 leafyfresh the Changer (level 4, -2/32 HPs)
             Began as a Merfolk Transmuter on Jan 29, 2023.
             Was an Initiate of Elyvilon.
             Slain by an orc wizard
             ... wielding a +3 dagger
              (4 damage)
             ... on level 3 of the Dungeon.
             The game lasted 00:04:44 (4448 turns).

leafyfresh the Changer (Merfolk Transmuter)         Turns: 4448, Time: 00:04:44

Health: -2/32      AC:  2    Str: 10    XL:     4   Next: 67%
Magic:  4/7        EV: 20    Int: 12    God:    Elyvilon [......]
Gold:   82         SH:  0    Dex: 21    Spells: 3/7 levels left

rFire   . . .      SeeInvis .     - Unarmed
rCold   . . .      Faith    .   (shield currently unavailable)
rNeg    . . .      Spirit   .   (body armour currently unavailable)
rPois   x          Reflect  .   (helmet currently unavailable)
rElec   .          Harm     .   (cloak currently unavailable)
rCorr   .          Rampage  .   (gloves currently unavailable)
Will    .....                   (boots currently unavailable)
Stlth   ++........              (no amulet)
HPRegen 0.10/turn               (no ring)
MPRegen 0.10/turn               (no ring)

@: lethally poisoned (-2 -> -14), spider-form
A: venomous fangs, tiny, (nimble swimmer 2), (mertail)
a: End Transformation, Renounce Religion


You were on level 3 of the Dungeon.
You worshipped Elyvilon.
Elyvilon was noncommittal.
You were a venomous arachnid creature.
You visited 1 branch of the dungeon, and saw 3 of its levels.

You collected 82 gold pieces.

Inventory:

Hand Weapons
 i - a +0 triple sword
Missiles
 n - 5 silver javelins
Armour
 a - a +0 robe (melded)
 m - a scarf of invisibility (melded)
Jewellery
 r - an amulet of faith
Scrolls
 c - a scroll of brand weapon {unknown}
 d - a scroll of fear {unknown}
 f - a scroll of vulnerability {unknown}
 h - 5 scrolls of fog {unknown}
 j - 4 scrolls of identify {unknown}
 k - a scroll of poison {unknown}
 l - 2 scrolls of immolation {unknown}
 o - a scroll of enchant armour {unknown}
 p - 3 scrolls of teleportation {unknown}
 s - a scroll of amnesia {unknown}
Potions
 b - a potion of lignification
 e - 2 potions of curing {unknown}
 g - 2 potions of might {unknown}
 q - a potion of ambrosia {unknown}
 t - a potion of cancellation {unknown}


   Skills:
 - Level 1.1 Fighting
 - Level 2.6 Dodging
 - Level 3.2 Unarmed Combat
 - Level 2.0 Spellcasting
 + Level 6.3 Transmutations


You had 3 spell levels left.
You knew the following spells:

 Your Spells              Type           Power      Damage    Failure   Level
a - Beastly Appendage     Tmut           32%        N/A       8%          1
b - Spider Form           Tmut/Pois      8%         N/A       43%         3

Your spell library contained the following spells:

 Spells                   Type           Power      Damage    Failure   Level
 Wereblood                Tmut           16%        N/A       11%         2
 Apportation              Tloc           2%         N/A       47%         1
 Magic Dart               Conj           4%         1d3       47%         1
 Necrotise                Necr           4%         1d4       47%         1
 Summon Small Mammal      Summ           4%         N/A       47%         1
 Searing Ray              Conj           2%         2d4       61%         2
 Ice Form                 Ice/Tmut       8%         N/A       78%         4
 Fulminant Prism          Conj/Hex       0%         3d6       99%         4


Dungeon Overview and Level Annotations

Branches:
Dungeon (3/15)

Altars:
Elyvilon
Zin

Annotations:
D:1 2 transporters


Innate Abilities, Weirdness & Mutations

You are a venomous arachnid creature.
You have poisonous fangs.
You are tiny and dextrous.
Your spellcasting is less reliable in this form.
Your armour is entirely melded.
You are incapable of wielding weapons or throwing items.
((You are very nimble when in or above water. (Stealth+, EV+, Speed+++)))
((Your lower body shifts to a powerful aquatic tail in water.))


Message History

Casting: Spider Form (quite dangerous; 22% risk of failure)
Confirm with . or Enter, or press ? or * to list all spells.
The spell is quite dangerous to miscast (22% risk of failure)!
Continue anyway?
You turn into a venomous arachnid creature.
Your scarf of invisibility melds into your body.
Your +0 robe melds into your body.
The orc wizard hits you with a +3 dagger.
The orc misses you. The hobgoblin misses you.
You bite the orc wizard!
The orc wizard is heavily wounded.
The orc hits you with a +2 whip of venom.
You are lethally poisoned!
The hobgoblin misses you.
You hit the orc wizard but do no damage.
The orc wizard is poisoned.
The orc wizard is heavily wounded.
You feel very sick.
The orc wizard gestures at you while chanting.
The puff of flame hits you. The orc completely misses you.
The hobgoblin closely misses you.
You are too injured to fight recklessly!
You are too injured to fight recklessly!
You are too injured to fight recklessly!
You are too injured to fight recklessly!
You are too injured to fight recklessly!
Unknown command.
You hit the orc wizard.
The orc wizard is lightly wounded.
You feel very sick.
The orc wizard hits you with a +3 dagger.
* * * LOW HITPOINT WARNING * * *
The orc wizard casts a spell at you. You resist with some effort.
The orc barely misses you. The hobgoblin hits you.
* * * LOW HITPOINT WARNING * * *
You hit the orc wizard.
The orc wizard is poisoned.
The orc wizard is moderately wounded.
* * * LOW HITPOINT WARNING * * *
You feel very sick.
The orc wizard hits you with a +3 dagger.
You die...

############ ..<........#
##########.# #.#
#####'##################
#....:.................#
######..........o...........+
.....'......÷÷.oso..........#####
######....).....g................
....##...........#########.#..#..
###.##.....8.⌠.8....# #'#...$.
..# ###.#...........##...........
#.# #......⌠._.⌠....##.......####
# # #.#.##..........##........
#.#.#.#.##.8.⌠.8....##.......##
....#.#.##..........##........


You could see 2 orc wizards, an orc and a hobgoblin.

Vanquished Creatures
  An iguana (D:3)
  An orc (D:2)
  3 bats
  6 endoplasms
  3 giant cockroaches (D:2)
  2 goblins
  6 hobgoblins
  13 jackals
  5 kobolds (D:1)
  5 quokkas
  6 ball pythons
  5 frilled lizards
  3 rats
59 creatures vanquished.

Notes
Turn   | Place    | Note
-------+----------+-------------------------------------------
     0 | D:1      | leafyfresh the Merfolk Transmuter began the quest for the
                  | Orb.
     0 | D:1      | Reached XP level 1. HP: 15/15 MP: 3/3
    29 | D:1      | Reached skill level 3 in Transmutations
   301 | D:1      | Reached XP level 2. HP: 21/21 MP: 5/5
   453 | D:1      | Reached skill level 4 in Transmutations
   482 | D:1      | Reached XP level 3. HP: 9/26 MP: 6/6
   486 | D:1      | Learned a level 3 spell: Spider Form
  1716 | D:1      | Reached skill level 5 in Transmutations
  3165 | D:3      | Reached skill level 6 in Transmutations
  3165 | D:3      | Reached XP level 4. HP: 15/32 MP: 3/7
  3345 | D:3      | Found a glowing silver altar of Zin.
  3349 | D:3      | Found a white marble altar of Elyvilon.
  3413 | D:3      | Became a worshipper of Elyvilon the Healer
  3579 | D:3      | Found a faded altar of an unknown god.
  4448 | D:3      | Slain by an orc wizard

Illustrated notes

Levels and vault maps discovered:
D:1:      spicycebolla_arrival_transporter_tutorial, layout_loops_corners
D:2:      layout_basic, minivault_5
D:3:      layout_basic, mainiacjoe_overflow_catwalk_spiral,
          hellmonk_ecumenical_altar_dog_temple, st_stairs_12

Skill      XL: |  1  2  3 |
---------------+----------+-----
Transmutations | 3 4 6 |  6.3
Fighting       | |  1.1
Dodging        | |  2.6
Unarmed Combat | |  3.2
Spellcasting   | |  2.0

Action                   |  1- 3 |  4- 6 || total
-------------------------+-------+-------++-------
Melee: Unarmed           |   130 |    34 ||   164
       Punch             |     4 |       ||     4
       Headbutt          |     5 |       ||     5
 Cast: Beastly Appendage |     4 |       ||     4
       Spider Form       |    11 |     5 ||    16
 Stab: Sleeping          |     2 |     1 ||     3
Armor: Robe              |    23 |     4 ||    27
Dodge: Dodged            |    76 |    53 ||   129
